 Dungeon Crawl Stone Soup version 0.28-a0-1117-g0bdd5ba030 (webtiles) character file.

Game seed: 13181739977716915579

54 ducksouse the Skirmisher (level 3, -2/33 HPs)
             Began as a Hill Orc Fighter on Dec 12, 2021.
             Was an Initiate of Zin.
             Killed from afar by a white imp (8 damage)
             ... with a puff of frost
             ... summoned by Natasha
             ... on level 3 of the Dungeon.
             The game lasted 00:05:15 (1418 turns).

ducksouse the Skirmisher (Hill Orc Fighter)         Turns: 1418, Time: 00:05:15

Health: -2/33      AC:  7    Str: 20    XL:     3   Next: 91%
Magic:  3/3        EV:  9    Int:  8    God:    Zin [......]
Gold:   65         SH:  4    Dex: 10    Spells: 2/2 levels left

rFire   . . .      SeeInvis .   a - +0 war axe
rCold   . . .      Faith    .   c - +0 buckler
rNeg    . . .      Spirit   .   b - +0 scale mail
rPois   .          Reflect  .   (no helmet)
rElec   .          Harm     .   (no cloak)
rCorr   .          Rampage  .   (no gloves)
Will    .....                   (no boots)
Stlth   ..........              (no amulet)
HPRegen 0.11/turn               (no ring)
MPRegen 0.08/turn               (no ring)

@: slowed, very slow
A: no striking features
a: Renounce Religion, Donate Gold


You were on level 3 of the Dungeon.
You worshipped Zin.
Zin was noncommittal.
You visited 1 branch of the dungeon, and saw 3 of its levels.

You collected 72 gold pieces.
You donated 7 gold pieces to Zin.

Inventory:

Hand Weapons
 a - a +0 war axe (weapon)
Armour
 b - a +0 scale mail (worn)
 c - a +0 buckler (worn)
Scrolls
 e - 2 scrolls of identify {unknown}
 g - a scroll of amnesia {unknown}
 h - a scroll of teleportation {unknown}
 k - a scroll of magic mapping {unknown}
Potions
 d - a potion of might
 f - a potion of degeneration {unknown}
 i - 2 potions of curing {unknown}
 j - a potion of brilliance {unknown}
 l - 2 potions of cancellation {unknown}
 m - a potion of haste {unknown}


   Skills:
 + Level 4.2 Fighting
 + Level 3.5 Axes
 + Level 3.8 Armour
 + Level 3.8 Shields


You had 2 spell levels left.
You didn't know any spells.
Your spell library was empty.

Dungeon Overview and Level Annotations

Branches:
Dungeon (3/15)

Altars:
Ashenzari
Zin

Annotations:
D:2 Sigmund
D:3 Natasha


Message History

Natasha stares at you and mumbles some strange words.
The magic dart hits you. Natasha claws you but does no damage.
Natasha closely misses you.
You closely miss Natasha. Natasha claws you!
You are too injured to fight recklessly!
You are too injured to fight recklessly!
You are too injured to fight recklessly!
You are too injured to fight recklessly!
You are too injured to fight recklessly!
Unknown command.
You hit Natasha.
Natasha is moderately wounded.
Natasha mewls in sadness.
Natasha claws you. Natasha barely misses you. You block Natasha's attack.
You miss Natasha.
Natasha is moderately wounded.
Natasha casts a spell.
You hit Natasha.
Natasha is severely wounded.
You hit the white imp but do no damage. Natasha misses you.
The white imp completely misses you. Natasha barely misses you.
You barely miss Natasha.
Natasha is severely wounded.
You slash the white imp! The white imp gestures at you.
The puff of frost hits you!
* * * LOW HITPOINT WARNING * * *
Natasha claws you.
* * * LOW HITPOINT WARNING * * *
The white imp hits you but does no damage.
Natasha claws you but does no damage. The white imp gestures at you.
The puff of frost hits you.
* * * LOW HITPOINT WARNING * * *
You closely miss Natasha.
Natasha is severely wounded.
You hit the white imp. You block Natasha's attack.
The white imp gestures at you. The puff of frost hits you!
You die...

###..................####...####.
#.###............#....#...##(..
#................######...#....
#####.#..........#### #...#....
#...#.............###......._
#.#............##..##...#....
#............### #.###..#....
#.......####.#####.####.##...
#...###.# #@....#...##.####. #...
##.## #h5##...#.##......
#...##...###..####...######..
#......_......# ##...#####.#
##.###...##...# #<.........
##.###...# ########### #.# #...#
#.. ....# ...


You could see Natasha and a white imp (summoned).

Vanquished Creatures
  2 gnolls (D:2)
  A worm (D:3)
  3 ball pythons
  4 bats
  4 endoplasms
  2 giant cockroaches (D:1)
  2 goblins (D:1)
  4 hobgoblins
  A quokka (D:1)
  6 kobolds
  A rat (D:1)
30 creatures vanquished.

Notes
Turn   | Place    | Note
-------+----------+-------------------------------------------
     0 | D:1      | ducksouse the Hill Orc Fighter began the quest for the Orb.
     0 | D:1      | Reached XP level 1. HP: 19/19 MP: 1/1
   141 | D:1      | Reached XP level 2. HP: 22/27 MP: 2/2
   671 | D:1      | Reached skill level 4 in Fighting
   835 | D:1      | Reached XP level 3. HP: 33/33 MP: 3/3
  1008 | D:2      | Noticed Sigmund
  1260 | D:3      | Found a glowing silver altar of Zin.
  1271 | D:3      | Became a worshipper of Zin the Law-Giver
  1360 | D:3      | Found a broken altar of Ashenzari.
  1406 | D:3      | Noticed Natasha
  1418 | D:3      | Killed from afar by a white imp

Illustrated notes

Levels and vault maps discovered:
D:1:      dpeg_arrival_connections, layout_loops_corners
D:2:      layout_rooms, hellmonk_ecumenical_altar_zigzags, basic_altar,
          kennysheep_nondescript, minmay_tromino_v4_a, uniq_robin, uniq_sigmund
D:3:      layout_rooms, mainiacjoe_overflow_six_doors_small, old_standard_altar,
          nicolae_overflow_crystal_walls, uniq_natasha, uniq_grinder

Skill      XL: |  1  2 |
---------------+-------+-----
Axes           | 3 |  3.5
Fighting       | 4 |  4.2
Armour         | |  3.8
Shields        | |  3.8

Action                   || total
-------------------------++-------
Melee: War axe           ||    56
Throw: Javelin           ||    33
Armor: Scale mail        ||    37
Dodge: Dodged            ||    40
Block: Buckler           ||    18

Table legend: (Time is in decaauts)
 A = Elapsed time spent in this place.
 B = Non-inter-level travel time spent in this place.
 C = Inter-level travel time spent in this place.
 D = Time resting spent in this place.
 E = Time spent auto-exploring this place.
 F = Levels seen in this place.
 G = Mean time per level.
                   A        B        C        D        E       F      G
               +--------+--------+--------+--------+--------+-----+--------+
         Total |   1461 |   1461 |      0 |     93 |    782 |   3 |  487.0 |
       Dungeon |   1461 |   1461 |      0 |     93 |    782 |   3 |  487.0 |
               +--------+--------+--------+--------+--------+-----+--------+

Top non-repeatable levels by time:
     D:1: 1157 daAuts
     D:3: 211 daAuts
     D:2: 91 daAuts
